[Event "Titled Tuesday Blitz February 28 Late 2023"]
[White "Deac, Bogdan-Daniel"]
[Black "Lewtak, Damian"]
[WhiteFideId "1226380"]
[BlackFideId "1141724"]
[WhiteElo "2649"]
[BlackElo "2302"]
[Result "1-0"]
[Round "08"]
[TimeControl "180+2"]
[Date "2023.02.28"]
[WhiteClock "0:00:30"]
[BlackClock "0:00:53"]

1. b3 b6 2. Bb2 Bb7 3. Nf3 Nf6 4. c4 c5 5. g3 g6 6. Bxf6 exf6 7. Nc3 Bg7 8. Bg2 O-O 9. O-O f5 10. Rc1 Nc6 11. e3 Nb4 12. d4 cxd4 13. exd4 d5 14. Ne5 Rb8 15. a3 Bxe5 16. axb4 Bd6 17. c5 Be7 18. Re1 a5 19. Na4 bxc5 20. dxc5 Bc6 21. bxa5 Bg5 22. f4 Bf6 23. Nb6 Re8 24. b4 Qc7 25. Qd2 Kg7 26. Qd3 Re4 27. b5 Be8 28. c6 Rd4 29. Qa3 g5 30. fxg5 Bxg5 31. Qc5 Rd2 32. Rcd1 Rxd1 33. Rxd1 Qe5 34. Kh1 Be3 35. Qxd5 Qxd5 36. Nxd5 1-0


[Site "https://www.chess.com"]

[Event "Titled Tuesday Blitz February 28 Late 2023"]
[White "Sjugirov, Sanan"]
[Black "Papasimakopoulos, Alexandros"]
[WhiteFideId "4189302"]
[BlackFideId "4244125"]
[WhiteElo "2569"]
[BlackElo "2359"]
[Result "1-0"]
[Round "08"]
[TimeControl "180+2"]
[Date "2023.02.28"]
[WhiteClock "0:00:05"]
[BlackClock "0:00:13"]

1. Nf3 d5 2. g3 Nf6 3. Bg2 Bf5 4. d3 e6 5. Nh4 Bg4 6. h3 Bh5 7. O-O Be7 8. f4 Nfd7 9. Nf3 Bg6 10. Qe1 Nc6 11. a3 O-O 12. e4 dxe4 13. dxe4 Nc5 14. Nc3 a5 15. g4 f6 16. Kh1 e5 17. f5 Bf7 18. Be3 h6 19. Qf2 b6 20. h4 Nd4 21. Rad1 Bd6 22. Nxd4 exd4 23. Bxd4 Qe7 24. Rfe1 Rae8 25. Nd5 Qd7 26. Nxf6+ gxf6 27. Bxf6 Qa4 28. b3 Qxa3 29. g5 Bh5 30. e5 Be7 31. Bd5+ Bf7 32. Qg2 Bxd5 33. Qxd5+ Rf7 34. g6 Rf8 35. gxf7+ Rxf7 36. Rg1+ Kf8 37. Bxe7+ Kxe7 38. Qd8# 1-0


[Site "https://www.chess.com"]

[Event "Titled Tuesday Blitz February 28 Late 2023"]
[White "Norowitz, Yaacov"]
[Black "Martynov, Pavel"]
[WhiteFideId "2024799"]
[BlackFideId "4101260"]
[WhiteElo "2401"]
[BlackElo "2314"]
[Result "0-1"]
[Round "08"]
[TimeControl "180+2"]
[Date "2023.02.28"]
[WhiteClock "0:00:16"]
[BlackClock "0:00:35"]

1. d4 d5 2. Nf3 e6 3. c3 c5 4. Bf4 Nc6 5. e3 Nf6 6. Nbd2 Bd6 7. Bg3 O-O 8. Bb5 Qc7 9. dxc5 Bxg3 10. hxg3 e5 11. Be2 a5 12. a4 Qe7 13. Nb3 Bf5 14. Bb5 Rfd8 15. O-O Ne4 16. Nfd2 Nxc5 17. Nxc5 Qxc5 18. Qe2 Be6 19. e4 d4 20. Rfc1 Qb6 21. Rab1 Rac8 22. Bc4 Bxc4 23. Nxc4 Qa6 24. Qf1 h6 25. Rd1 Kh7 26. Na3 Qb6 27. Qb5 Qc7 28. Qc5 f6 29. Nb5 Qf7 30. Qa3 Qh5 31. Qb3 Qg4 32. Qc2 h5 33. Re1 Kg6 34. Qe2 Qg5 35. Rbd1 Rh8 36. Qf3 dxc3 37. bxc3 Qg4 38. Rd7 Qxd7 39. Rd1 Qg4 40. Rd5 Qxf3 41. gxf3 Rhd8 42. Nd6 Rc7 0-1


[Site "https://www.chess.com"]

[Event "Titled Tuesday Blitz February 28 Late 2023"]
[White "Real_OceanStorm"]
[Black "Zhu, Jiner"]
[BlackFideId "8608059"]
[WhiteElo "2777"]
[BlackElo "2384"]
[Result "1-0"]
[Round "08"]
[TimeControl "180+2"]
[Date "2023.02.28"]
[WhiteClock "0:01:27"]
[BlackClock "0:00:40"]

1. e4 e5 2. Nf3 Nc6 3. Nc3 Nf6 4. Bc4 Bb4 5. Nd5 d6 6. c3 Bc5 7. d4 exd4 8. cxd4 Bb4+ 9. Nxb4 Nxb4 10. Qa4+ Nc6 11. d5 Bd7 12. dxc6 Bxc6 13. Bb5 Qd7 14. Bxc6 bxc6 15. O-O O-O 16. Bg5 Ng4 17. h3 Ne5 18. Nxe5 dxe5 19. Rfc1 h6 20. Be3 Rab8 21. Qc4 Rxb2 22. Qc3 Rfb8 23. Bxa7 R8b7 24. Bc5 Qe6 25. Rc2 R2b5 26. Be3 c5 27. Rac1 Qc6 28. Qxe5 c4 29. Qd4 Qa6 30. Qxc4 Qa3 31. Rd2 Qe7 32. Rcd1 Rb1 33. Kh2 Qe5+ 34. g3 R7b4 35. Rd8+ Kh7 36. Qxf7 Qxe4 37. Qg8+ Kg6 38. R8d7 1-0


[Site "https://www.chess.com"]

[Event "Titled Tuesday Blitz February 28 Late 2023"]
[White "Blomqvist, Erik"]
[Black "Makridis, Dimitrios"]
[WhiteFideId "1709437"]
[BlackFideId "25864475"]
[WhiteElo "2436"]
[BlackElo "2277"]
[Result "0-1"]
[Round "08"]
[TimeControl "180+2"]
[Date "2023.02.28"]
[WhiteClock "0:00:03"]
[BlackClock "0:00:05"]

1. e4 c5 2. Nf3 d6 3. d4 cxd4 4. Qxd4 Nc6 5. Qe3 g6 6. Be2 Bg7 7. O-O Nf6 8. Rd1 O-O 9. h3 Nd7 10. Nc3 Nc5 11. Nd5 f5 12. exf5 Bxf5 13. c3 Kh8 14. b4 Nd7 15. g4 Bc2 16. Rd2 Ba4 17. Ng5 Nf6 18. Ne6 Qd7 19. Nxf8 Rxf8 20. Nxf6 Bxf6 21. g5 Be5 22. Bg4 Qe8 23. Bb2 Bf4 24. c4+ e5 25. Qe2 Bxd2 26. Qxd2 Qf7 27. b5 Ne7 28. Re1 Nf5 29. Bxf5 Qxf5 30. Re2 Qxh3 31. Qxd6 Qg4+ 32. Kf1 Qh3+ 33. Ke1 Qh1+ 34. Kd2 Qd1+ 0-1


[Site "https://www.chess.com"]

[Event "Titled Tuesday Blitz February 28 Late 2023"]
[White "Pulpan, Jakub"]
[Black "Aldokhin, Ivan"]
[WhiteFideId "302759"]
[BlackFideId "24115720"]
[WhiteElo "2484"]
[BlackElo "2322"]
[Result "1-0"]
[Round "08"]
[TimeControl "180+2"]
[Date "2023.02.28"]
[WhiteClock "0:00:37"]
[BlackClock "0:00:03"]

1. Nf3 Nf6 2. b3 d6 3. d4 c5 4. dxc5 Qa5+ 5. Nbd2 Qxc5 6. e3 Nc6 7. Bb2 e5 8. Be2 Be7 9. O-O O-O 10. c4 Bf5 11. Nh4 Be6 12. Rc1 Rfd8 13. Bd3 g6 14. Nhf3 a5 15. Ne4 Nxe4 16. Bxe4 a4 17. Nd4 axb3 18. Nxe6 fxe6 19. axb3 Ra2 20. Rc2 Nb4 21. Rd2 d5 22. cxd5 exd5 23. Bf3 Bf6 24. Qb1 Rd6 25. Rfd1 Rxb2 26. Rxb2 e4 27. Be2 Bxb2 28. Qxb2 Rc6 29. Qe5 Qd6 30. Qe8+ Kg7 31. Qa8 Rc7 32. h3 Nc6 33. Bc4 d4 34. exd4 Nxd4 35. Qa1 Rd7 36. Re1 Qf6 37. Kh1 h5 38. Rxe4 Nc6 39. Qe1 Qf5 40. Qc3+ Qf6 41. Qxf6+ Kxf6 42. Re6+ Kf5 43. g3 Ne5 44. Rb6 Rd2 45. Kg2 g5 46. Rxb7 g4 47. hxg4+ hxg4 48. Rb5 Rd1 49. Be2 Rd2 50. Bxg4+ Ke4 51. Bh5 Kd4 52. Bf3 Nd3 53. Rd5+ Kc3 54. Be4 Rxf2+ 55. Kg1 Rd2 56. Rxd3+ Rxd3 57. Bxd3 Kxd3 58. Kf2 Ke4 59. b4 1-0


[Site "https://www.chess.com"]

[Event "Titled Tuesday Blitz February 28 Late 2023"]
[White "Fernandez Guillen, Ernesto J."]
[Black "Manelyuk, Daniil"]
[WhiteFideId "3512428"]
[BlackFideId "44173920"]
[WhiteElo "2423"]
[BlackElo "2259"]
[Result "1-0"]
[Round "08"]
[TimeControl "180+2"]
[Date "2023.02.28"]
[WhiteClock "0:00:08"]
[BlackClock "0:00:09"]

1. e4 e6 2. Nf3 d5 3. Nc3 dxe4 4. Nxe4 Be7 5. Ng3 Nf6 6. d4 O-O 7. c3 c5 8. Bd3 cxd4 9. Be3 dxe3 10. fxe3 Nc6 11. Qc2 Qb6 12. O-O-O e5 13. Kb1 Be6 14. Ng5 Qxe3 15. Bxh7+ Kh8 16. Nxe6 fxe6 17. Bg6 Rad8 18. Rde1 Qd2 19. Qa4 Qf4 20. Qb5 Rd2 21. Rhf1 Qg5 22. Bc2 Rfd8 23. Ne4 Nxe4 24. Bxe4 a6 25. Qb3 Qg4 26. h3 Qg3 27. Qxe6 Rf2 28. Rd1 Rdd2 29. Rxd2 Rxf1+ 30. Kc2 Qe3 31. Qg6 Qh6 32. Qg4 Rf8 33. h4 Bxh4 34. g3 Bxg3 35. Qxg3 Qf4 36. Rh2+ Kg8 37. Bd5+ Rf7 38. Qxf4 exf4 39. Rf2 g5 40. Rg2 Ne7 41. Rxg5+ Kf8 42. Bxf7 Kxf7 43. Kd3 Kf6 44. Rh5 Ng6 45. Ke4 Ke6 46. Rf5 f3 47. Rxf3 Ne5 48. Rh3 Nc4 49. Rh6+ Kd7 50. b3 Nd6+ 51. Kd5 Nb5 52. Rh7+ Kc8 53. c4 Nc7+ 54. Kc5 Kb8 55. Kd6 Na8 56. Rh8+ Ka7 57. c5 a5 58. a3 b6 59. c6 b5 60. c7 Nb6 61. Kc6 Nc8 62. Rxc8 b4 63. axb4 Ka6 64. Ra8# 1-0


[Site "https://www.chess.com"]

[Event "Titled Tuesday Blitz February 28 Late 2023"]
[White "Bilych, Olexiy"]
[Black "Florescu, Codrut-Constantin"]
[WhiteFideId "14156504"]
[BlackFideId "1202200"]
[WhiteElo "2320"]
[BlackElo "2191"]
[Result "1-0"]
[Round "08"]
[TimeControl "180+2"]
[Date "2023.02.28"]
[WhiteClock "0:01:20"]
[BlackClock "0:01:36"]

1. d4 Nf6 2. c4 e6 3. Nf3 Bb4+ 4. Bd2 a5 5. g3 O-O 6. Bg2 d5 7. O-O dxc4 8. Qc2 c6 9. Qxc4 Bxd2 10. Nbxd2 b5 11. Qc2 Ba6 12. e3 b4 13. Rfc1 Bb5 14. Ne5 Ra6 15. Nb3 Nfd7 16. Nc5 Nxc5 17. dxc5 Nd7 18. Rd1 Nxe5 19. Rxd8 Rxd8 20. Rd1 Raa8 21. Rd6 Rxd6 22. cxd6 Nd7 23. Bf1 Nf6 24. Bxb5 cxb5 25. Qc6 Rd8 26. Qc7 1-0


[Site "https://www.chess.com"]

[Event "Titled Tuesday Blitz February 28 Late 2023"]
[White "Di Nicolantonio, Lucas"]
[Black "Averjanov, Alexey"]
[WhiteFideId "680460"]
[BlackFideId "14109867"]
[WhiteElo "2358"]
[BlackElo "2670"]
[Result "0-1"]
[Round "08"]
[TimeControl "180+2"]
[Date "2023.02.28"]
[WhiteClock "0:00:01"]
[BlackClock "0:00:03"]

1. Nf3 d5 2. e3 Nf6 3. c4 dxc4 4. Bxc4 e6 5. O-O a6 6. Qe2 b5 7. Bb3 Bb7 8. d3 c5 9. e4 Nc6 10. Be3 Be7 11. Nbd2 O-O 12. Rfc1 Qb6 13. a4 Rfd8 14. h3 Rd7 15. axb5 axb5 16. Rxa8+ Bxa8 17. Bd1 Nb4 18. Ne5 Rc7 19. Nb3 Bd6 20. f4 Bxe5 21. fxe5 Nd7 22. Qd2 Na6 23. Nxc5 Naxc5 24. b4 Nxe5 25. bxc5 Qc6 26. Be2 Rd7 27. Ra1 Bb7 28. Qc3 f6 29. Bf4 b4 30. Qb3 Qxc5+ 31. Kh1 Kf7 32. Bh5+ Ng6 33. Bxg6+ hxg6 34. Rc1 Qf2 35. Bh2 Qd2 36. Rd1 Qc3 37. Qa4 Bc6 38. Qa6 b3 39. Qb6 b2 40. Bg3 Rxd3 41. Qc7+ Kg8 42. Qb8+ Kh7 43. Rxd3 Qc1+ 44. Kh2 b1=Q 45. Qxb1 Qxb1 46. Rc3 Qxe4 47. Rc2 Qxc2 0-1


[Site "https://www.chess.com"]

[Event "Titled Tuesday Blitz February 28 Late 2023"]
[White "Gascon Del Nogal, Jose Rafael"]
[Black "Rustemov, Alexander"]
[WhiteFideId "3902463"]
[BlackFideId "4119002"]
[WhiteElo "2473"]
[BlackElo "2890"]
[Result "1/2-1/2"]
[Round "08"]
[TimeControl "180+2"]
[Date "2023.02.28"]
[WhiteClock "0:00:05"]
[BlackClock "0:00:02"]

1. Nf3 d5 2. g3 Bf5 3. Bg2 Nf6 4. c4 dxc4 5. Qa4+ c6 6. Qxc4 e6 7. O-O h6 8. d3 Be7 9. e4 Bh7 10. b4 O-O 11. Bb2 b5 12. Qb3 Na6 13. a3 c5 14. Ne5 Qb6 15. Bc3 Rac8 16. Nd2 Rc7 17. Ndf3 Rfc8 18. Bd2 c4 19. dxc4 bxc4 20. Qa4 Bxe4 21. Bc3 Qb7 22. Rfe1 Bd5 23. Rad1 Nb8 24. Qc2 Nbd7 25. Nxd7 Nxd7 26. Re3 Bf6 27. h4 a5 28. bxa5 Qb3 29. Ne1 Bxc3 30. Rxc3 Qxc2 31. Nxc2 Nf6 32. Ne3 Bxg2 33. Kxg2 Ne4 34. Rc2 c3 35. Rd4 Nd2 36. a6 Ra8 37. Rdxd2 Rxa6 38. Rd3 Rxa3 39. Nd1 Ra1 40. Rcxc3 Rxd1 41. Rxd1 Rxc3 42. Rd8+ Kh7 43. h5 Rc5 44. g4 g6 45. hxg6+ Kxg6 46. Rg8+ Kh7 47. Rf8 Kg7 48. Rd8 Rc3 49. f3 Kg6 50. Kg3 e5 51. Rg8+ Kh7 52. Rf8 Kg7 53. Re8 f6 54. Rd8 e4 55. Kf4 exf3 56. Kg3 Kg6 57. Rg8+ Kf7 58. Rh8 Kg7 59. Rd8 Ra3 60. Rc8 Kf7 61. Rh8 Kg6 62. Rg8+ Kh7 63. Rf8 Kg7 64. Rc8 Rb3 65. Rd8 Kf7 66. Rh8 Kg7 67. Rd8 Rc3 68. Rb8 Ra3 69. Rc8 1/2-1/2


[Site "https://www.chess.com"]

[Event "Titled Tuesday Blitz February 28 Late 2023"]
[White "Maximov, Dmitry"]
[Black "Janaszak, Dawid"]
[WhiteFideId "14105659"]
[BlackFideId "1119206"]
[WhiteElo "2494"]
[BlackElo "2220"]
[Result "1-0"]
[Round "08"]
[TimeControl "180+2"]
[Date "2023.02.28"]
[WhiteClock "0:00:30"]
[BlackClock "0:00:04"]

1. e4 c5 2. Nf3 Nc6 3. Bb5 e5 4. O-O Nge7 5. Re1 g6 6. c3 Bg7 7. d4 cxd4 8. cxd4 exd4 9. Bg5 h6 10. Bh4 O-O 11. Nbd2 g5 12. Bg3 d5 13. exd5 Nxd5 14. Nc4 Bg4 15. h3 Bh5 16. Bxc6 bxc6 17. Be5 c5 18. Rc1 Re8 19. g4 Bg6 20. Qb3 Bxe5 21. Ncxe5 Rb8 22. Qa4 Nb6 23. Qxa7 Ra8 24. Qb7 Rb8 25. Qc6 Rc8 26. Qb5 Qf6 27. Rxc5 Rxc5 28. Qxe8+ Kg7 29. Nxg6 Qxg6 30. Nxd4 Nc4 31. Nf5+ Rxf5 32. gxf5 Qxf5 33. Qe4 Qb5 34. b3 Nb6 35. Qd4+ f6 36. Re7+ Kf8 37. Qd8+ 1-0


[Site "https://www.chess.com"]

[Event "Titled Tuesday Blitz February 28 Late 2023"]
[White "Prem, Pranav"]
[Black "Quispe Arteaga, Gabriel"]
[WhiteFideId "30901057"]
[BlackFideId "32059809"]
[WhiteElo "1970"]
[BlackElo "2274"]
[Result "1/2-1/2"]
[Round "08"]
[TimeControl "180+2"]
[Date "2023.02.28"]
[WhiteClock "0:00:08"]
[BlackClock "0:00:06"]

1. d4 Nf6 2. c4 e6 3. Nf3 Bb4+ 4. Bd2 a5 5. g3 O-O 6. Bg2 d5 7. a3 Be7 8. Qc2 c5 9. cxd5 cxd4 10. Nxd4 Nxd5 11. O-O Nc6 12. Nxc6 bxc6 13. Qxc6 Rb8 14. Qc2 Qb6 15. b4 axb4 16. Bxd5 exd5 17. Bxb4 Bxb4 18. axb4 Bh3 19. Rd1 Qxb4 20. Nd2 Rfe8 21. Qd3 Qe7 22. e3 Rbd8 23. Nb3 Bg4 24. Rdc1 Bf3 25. Nd4 Be4 26. Qd1 Qf6 27. Qg4 g6 28. Rc6 Rd6 29. Rac1 Rxc6 30. Rxc6 Qe7 31. Rc8 Kg7 32. Rxe8 Qxe8 33. Qd1 g5 34. f3 Bg6 35. Kf2 Qe5 36. Qd2 h6 37. Qb2 Kh7 38. Qc3 Qd6 39. Qb2 Qa6 40. Qe2 Qa3 41. Qd2 h5 42. Nb5 Qc5 43. Nc3 d4 44. exd4 Qa3 45. d5 Qd6 46. Ne4 Qb6+ 47. Kg2 Bxe4 48. fxe4 f6 49. d6 Qc6 50. Qd5 Qc2+ 51. Kg1 Qc1+ 52. Kf2 Qc2+ 53. Kg1 Qc1+ 54. Kf2 Qc2+ 55. Ke3 Qc3+ 56. Qd3 Qe1+ 57. Kd4 Qb4+ 58. Kd5 Kg7 59. Qd4 Qb5+ 60. Qc5 Qb7+ 61. Qc6 Qb3+ 62. Qc4 Qb7+ 63. Kd4 Qb6+ 64. Qc5 Qb2+ 65. Kd5 Qb7+ 66. Kd4 Qb2+ 67. Qc3 Qb6+ 68. Kd5 Qb7+ 69. Kc5 Qa7+ 70. Kd5 Qb7+ 71. Qc6 Qb3+ 72. Kd4 Qb2+ 73. Kd5 Qb3+ 1/2-1/2


[Site "https://www.chess.com"]

[Event "Titled Tuesday Blitz February 28 Late 2023"]
[White "Yuan, Qingyu"]
[Black "Nefedov, Sergey"]
[WhiteFideId "8609772"]
[BlackFideId "24113417"]
[WhiteElo "2359"]
[BlackElo "2227"]
[Result "1-0"]
[Round "08"]
[TimeControl "180+2"]
[Date "2023.02.28"]
[WhiteClock "0:00:19"]
[BlackClock "0:00:03"]

1. e4 d5 2. exd5 Qxd5 3. Nc3 Qd8 4. d4 Nf6 5. Nf3 g6 6. Bc4 Bg7 7. O-O O-O 8. h3 a6 9. a4 Nc6 10. Re1 Bf5 11. Bf4 Nb4 12. Rc1 c6 13. Bb3 Nbd5 14. Bh2 Bh6 15. Ra1 Nxc3 16. bxc3 Nd5 17. Ne5 Nxc3 18. Qf3 Bd2 19. Nxf7 Rxf7 20. Bxf7+ Kxf7 21. g4 e6 22. gxf5 exf5 23. Re5 Qxd4 24. Ra3 f4 25. Rxc3 Qxc3 26. Qe4 f3 27. Re7+ Kf8 28. Bd6 Rd8 29. Rd7+ Kg8 30. Qe6+ Kh8 31. Be5+ Qxe5 32. Qxe5+ 1-0


[Site "https://www.chess.com"]

[Event "Titled Tuesday Blitz February 28 Late 2023"]
[White "Sztokbant, Bernardo Vainzoff"]
[Black "Hambleton, Aman"]
[WhiteFideId "2115956"]
[BlackFideId "2606577"]
[WhiteElo "2222"]
[BlackElo "2511"]
[Result "0-1"]
[Round "08"]
[TimeControl "180+2"]
[Date "2023.02.28"]
[WhiteClock "0:01:08"]
[BlackClock "0:00:09"]

1. e4 b6 2. d4 Bb7 3. Bd3 e6 4. Nf3 d5 5. Nbd2 Nf6 6. Qe2 Nxe4 7. Nxe4 dxe4 8. Bxe4 Bxe4 9. Qxe4 Qd5 10. Qxd5 exd5 11. O-O f6 12. Bf4 Kd7 13. Rfe1 Nc6 14. c3 g5 15. Be3 Bd6 16. g3 Ne7 17. a4 a6 18. b3 h5 19. h4 g4 20. Nd2 Rhe8 21. Nf1 Nf5 22. Bd2 b5 23. Ne3 Nxe3 24. Bxe3 Reb8 25. Reb1 a5 26. axb5 Rxb5 27. b4 Rab8 28. Bd2 axb4 29. cxb4 Bxb4 30. Bxb4 Rxb4 31. Rd1 c6 32. Ra7+ R4b7 33. Ra3 Rb1 34. Rxb1 Rxb1+ 35. Kg2 Rd1 36. Ra4 Kd6 37. Rb4 Kc7 38. Ra4 Kb7 39. f3 Rd2+ 40. Kf1 gxf3 41. Ra3 Rxd4 42. Rxf3 c5 43. Rxf6 c4 44. Rf5 c3 45. Rf3 c2 0-1


[Site "https://www.chess.com"]

[Event "Titled Tuesday Blitz February 28 Late 2023"]
[White "Jimenez Almeida, Luis David"]
[Black "Dourerassou, Jonathan"]
[WhiteFideId "22242244"]
[BlackFideId "628050"]
[WhiteElo "2245"]
[BlackElo "2499"]
[Result "1-0"]
[Round "08"]
[TimeControl "180+2"]
[Date "2023.02.28"]
[WhiteClock "0:00:11"]
[BlackClock "0:00:44"]

1. e4 c5 2. Nc3 Nc6 3. g3 g6 4. Bg2 Bg7 5. d3 d6 6. Be3 e5 7. Nd5 Nge7 8. Ne2 Nxd5 9. exd5 Nd4 10. c3 Nf5 11. Bd2 O-O 12. O-O b6 13. a4 Ba6 14. c4 Bc8 15. b4 Nd4 16. Nxd4 cxd4 17. a5 Bf5 18. Qb3 Qc7 19. Ra3 Rab8 20. Rfa1 b5 21. Rc1 Rfc8 22. c5 Bf8 23. c6 Qe7 24. Re1 h5 25. h4 Bg7 26. Raa1 a6 27. Kh2 Kh7 28. Bh3 Bh6 29. Bxh6 Kxh6 30. Qc2 Qf6 31. Qd2+ Kh7 32. Bg2 Rg8 33. f4 Rbe8 34. Rf1 Qd8 35. Rae1 f6 36. Be4 Bc8 37. fxe5 dxe5 38. Bg2 f5 39. Re2 Qd6 40. Rfe1 Re7 41. Bf3 Rge8 42. Qg5 Qxb4 43. Bxh5 gxh5 44. Qxh5+ Kg8 45. Qg6+ Kh8 46. d6 f4 47. dxe7 fxg3+ 48. Qxg3 Rxe7 49. Qg5 Rg7 50. Qh6+ Kg8 51. Rg1 Rxg1 52. Kxg1 Bh3 53. Qg6+ Kh8 54. Qf6+ Kh7 55. Qxe5 Qb1+ 56. Kh2 Qf1 57. Qe7+ Kh6 58. Qg5+ Kh7 59. Re7+ Kh8 60. Qg7# 1-0


[Site "https://www.chess.com"]

[Event "Titled Tuesday Blitz February 28 Late 2023"]
[White "Koc, Przemyslaw"]
[Black "EREBUNI91"]
[WhiteFideId "1109081"]
[WhiteElo "2161"]
[BlackElo "2716"]
[Result "0-1"]
[Round "08"]
[TimeControl "180+2"]
[Date "2023.02.28"]
[WhiteClock "0:01:08"]
[BlackClock "0:02:13"]

1. Nf3 Nf6 2. e3 b6 3. b3 Bb7 4. Bb2 e6 5. d4 Be7 6. Nbd2 O-O 7. Bd3 d5 8. O-O Nbd7 9. Ne5 c5 10. Qf3 Rc8 11. Qh3 g6 12. Nxd7 Qxd7 13. Nf3 c4 14. bxc4 dxc4 15. Ne5 Qb5 16. Nxc4 Rxc4 17. Bxc4 Qxc4 18. c3 Rc8 19. Rfd1 Qe2 20. Rab1 Be4 21. Re1 Qb5 22. a4 Qb3 23. Ba3 Qxa3 0-1


[Site "https://www.chess.com"]

[Event "Titled Tuesday Blitz February 28 Late 2023"]
[White "Mendez Fortes, Eduardo Jesus"]
[Black "Preotu, Razvan"]
[WhiteFideId "3502376"]
[BlackFideId "2613280"]
[WhiteElo "2307"]
[BlackElo "2407"]
[Result "0-1"]
[Round "08"]
[TimeControl "180+2"]
[Date "2023.02.28"]
[WhiteClock "0:00:03"]
[BlackClock "0:00:18"]

1. e4 c5 2. Nf3 d6 3. d4 cxd4 4. Nxd4 Nf6 5. Nc3 a6 6. Bg5 e6 7. f4 Be7 8. Qf3 Qc7 9. O-O-O Nbd7 10. g4 b5 11. Bxf6 Nxf6 12. g5 Nd7 13. f5 O-O 14. Rg1 b4 15. Nce2 e5 16. f6 exd4 17. fxe7 Re8 18. Nxd4 Ne5 19. Qf4 Qc5 20. Rg2 g6 21. Rgd2 Bg4 22. Be2 Bxe2 23. Rxe2 Rxe7 24. Nb3 Qc6 25. Red2 Nc4 26. Rd5 Rae8 27. R1d4 a5 28. Nd2 Nxd2 29. Qxd2 Rxe4 30. Rxe4 Rxe4 31. Rxd6 Qc5 32. b3 Qe5 33. Rd8+ Kg7 34. Qf2 Re1+ 35. Kd2 Qc3# 0-1


[Site "https://www.chess.com"]

[Event "Titled Tuesday Blitz February 28 Late 2023"]
[White "Jaracz, Pawel"]
[Black "Ristic, Nebojsa B"]
[WhiteFideId "1102222"]
[BlackFideId "935468"]
[WhiteElo "2438"]
[BlackElo "2303"]
[Result "1-0"]
[Round "08"]
[TimeControl "180+2"]
[Date "2023.02.28"]
[WhiteClock "0:01:23"]
[BlackClock "0:00:15"]

1. d4 Nf6 2. c4 g6 3. h4 h5 4. Nc3 c5 5. d5 d6 6. e4 b5 7. cxb5 a6 8. Nf3 Bg7 9. bxa6 Bxa6 10. Bxa6 Rxa6 11. O-O O-O 12. Qe2 Qb6 13. e5 Ng4 14. e6 Ne5 15. exf7+ Rxf7 16. Ng5 Rf5 17. Ne6 Bf6 18. Bg5 Nbd7 19. Kh1 Ra8 20. f4 Ng4 21. Rf3 Qb4 22. a3 Qa5 23. Rc1 Nb6 24. Nc7 Rf8 25. Qe6+ Kg7 26. Bxf6+ R5xf6 27. Qxe7+ R8f7 28. Ne8+ Kh6 29. Qe4 Rf5 30. Nxd6 Rxf4 31. Rxf4 Nf2+ 32. Rxf2 Rxf2 33. Qe3+ 1-0


[Site "https://www.chess.com"]

[Event "Titled Tuesday Blitz February 28 Late 2023"]
[White "Sadovsky, Artem"]
[Black "Matinian, Nikita"]
[WhiteFideId "4155840"]
[BlackFideId "24129100"]
[WhiteElo "2314"]
[BlackElo "2422"]
[Result "0-1"]
[Round "08"]
[TimeControl "180+2"]
[Date "2023.02.28"]
[WhiteClock "0:00:11"]
[BlackClock "0:00:24"]

1. Nf3 Nf6 2. b3 c5 3. Bb2 Nc6 4. e3 g6 5. c4 Bg7 6. Be2 O-O 7. O-O b6 8. d4 cxd4 9. Nxd4 Bb7 10. Nc3 Nxd4 11. exd4 d5 12. c5 bxc5 13. dxc5 e5 14. Nb5 Ne4 15. Ba3 a6 16. Nd6 Nxd6 17. cxd6 d4 18. Bg4 f5 19. Bh3 e4 20. Rc1 Rf7 21. g3 d3 22. Bg2 Be5 23. f3 Bxd6 24. Bxd6 Qxd6 25. fxe4 Qd4+ 26. Kh1 Bxe4 27. Qd2 Rd8 28. Rcd1 Re7 29. Rf2 Bxg2+ 30. Rxg2 Re2 31. Qxd3 Qxd3 32. Rxd3 Re1+ 0-1


[Site "https://www.chess.com"]

[Event "Titled Tuesday Blitz February 28 Late 2023"]
[White "Kleiman, Jake"]
[Black "Adewumi, Tanitoluwa"]
[WhiteFideId "2020041"]
[BlackFideId "30966396"]
[WhiteElo "2505"]
[BlackElo "2669"]
[Result "0-1"]
[Round "08"]
[TimeControl "180+2"]
[Date "2023.02.28"]
[WhiteClock "0:00:05"]
[BlackClock "0:00:05"]

1. e4 c5 2. c3 Nf6 3. e5 Nd5 4. Bc4 e6 5. Nf3 Nc6 6. d4 cxd4 7. cxd4 d6 8. Qe2 Be7 9. O-O O-O 10. a3 Qc7 11. Bd2 Rd8 12. Nc3 Nxc3 13. Bxc3 dxe5 14. dxe5 b6 15. Rac1 Bb7 16. Rfe1 Rac8 17. Bd3 Qd7 18. Rcd1 Qc7 19. Qe4 g6 20. Qg4 Na5 21. Ng5 Qc6 22. Be4 Qa4 23. Rxd8+ Rxd8 24. Nxf7 Rf8 25. Nh6+ Kg7 26. Bd2 Bxe4 27. Qxe4 Qxe4 28. Rxe4 Rd8 29. Re2 Nc4 30. Ng4 Rxd2 31. Rxd2 Nxd2 32. f3 Nc4 33. b3 h5 34. Kf2 hxg4 35. bxc4 Bxa3 36. fxg4 Bc5+ 0-1


[Site "https://www.chess.com"]

[Event "Titled Tuesday Blitz February 28 Late 2023"]
[White "Kleinman, Michael"]
[Black "Rosen, Eric"]
[WhiteFideId "2609479"]
[BlackFideId "2032562"]
[WhiteElo "2287"]
[BlackElo "2359"]
[Result "1-0"]
[Round "08"]
[TimeControl "180+2"]
[Date "2023.02.28"]
[WhiteClock "0:00:03"]
[BlackClock "0:00:01"]

1. e4 c5 2. Nf3 Nc6 3. Bb5 g6 4. Bxc6 dxc6 5. d3 Nf6 6. h3 Bg7 7. Nc3 Nd7 8. Be3 e5 9. Qd2 h6 10. O-O b6 11. a4 a5 12. Nh2 Nf8 13. f4 exf4 14. Bxf4 Ne6 15. Bg3 Nd4 16. Rae1 O-O 17. Kh1 Qg5 18. Qf2 Be6 19. Bf4 Qe7 20. e5 f5 21. exf6 Qxf6 22. Ne4 Qf7 23. Qd2 g5 24. Bd6 Qg6 25. Bxf8 Rxf8 26. Rxf8+ Bxf8 27. Qf2 Bg7 28. Rf1 h5 29. c3 Nf5 30. g4 hxg4 31. hxg4 Nh4 32. Nf6+ Kh8 33. Ne4 Bd5 34. Kg1 Bxe4 35. dxe4 Qxe4 36. Nf3 Qxg4+ 37. Kh2 Ng6 38. Qg3 Qxg3+ 39. Kxg3 g4 40. Kxg4 Ne7 41. Ng5 Kg8 42. Re1 Nd5 43. Re6 Nf6+ 44. Kf5 Nd5 45. Rd6 Kf8 46. Ne6+ Kf7 47. Rd7+ Ke8 48. Rxg7 Ne3+ 49. Ke5 Nc4+ 50. Kf6 1-0


[Site "https://www.chess.com"]

[Event "Titled Tuesday Blitz February 28 Late 2023"]
[White "Drnovsek, Gal"]
[Black "Fiorito, Francisco"]
[WhiteFideId "14607077"]
[BlackFideId "180165"]
[WhiteElo "2293"]
[BlackElo "2341"]
[Result "0-1"]
[Round "08"]
[TimeControl "180+2"]
[Date "2023.02.28"]
[WhiteClock "0:00:48"]
[BlackClock "0:00:24"]

1. e4 c5 2. c3 Nf6 3. e5 Nd5 4. d4 cxd4 5. cxd4 d6 6. Nf3 Nc6 7. Bc4 Nb6 8. Bb3 dxe5 9. d5 Na5 10. Nc3 e4 11. Ne5 Nxb3 12. Qxb3 f6 13. Qb5+ Bd7 14. Nxd7 Qxd7 15. Qb3 g6 16. O-O Bg7 17. Be3 f5 18. Rfd1 O-O 19. Nb5 Kh8 20. Nxa7 Rxa7 21. Bxb6 Ra6 22. a4 h5 23. a5 f4 24. f3 e3 25. Qd3 Kh7 26. Rac1 Rc8 27. Rxc8 Qxc8 28. b4 Qc3 29. g3 Qxb4 30. gxf4 Qxf4 31. Kg2 Qg5+ 32. Kf1 Qh4 33. Qxe3 Qxh2 34. Qxe7 Qh1+ 35. Ke2 Qg2+ 36. Ke3 Rxb6 37. axb6 Qc2 38. Rd3 Qc1+ 39. Kf2 Qb2+ 40. Kg3 Qxb6 41. d6 Qg1+ 42. Kf4 Qh2+ 43. Ke4 Qe2+ 44. Re3 Qc4# 0-1


[Site "https://www.chess.com"]